 Dungeon Crawl Stone Soup version 0.29-a0-892-g2c4c91d9db (webtiles) character file.

Game seed: 6830071279071019298

14 Spectrina the Magician (level 2, 0/22 HPs)
             Began as a Djinni Arcane Marksman on July 22, 2022.
             Slain by a ball python (1 damage)
             ... on level 3 of the Dungeon.
             The game lasted 00:01:15 (101 turns).

Spectrina the Magician (Djinni Arcane Marksman)      Turns: 101, Time: 00:01:15

Health: 0/22       AC:  2    Str:  9    XL:     2   Next: 55%
Gold:   35         EV:  9    Int: 14    God:
                   SH:  0    Dex: 13

rFire   + + .      SeeInvis .   a - +0 sling
rCold   x . .      Faith    .   (no shield)
rNeg    . . .      Spirit   .   c - +0 robe
rPois   ∞          Reflect  .   (no helmet)
rElec   .          Harm     .   (no cloak)
rCorr   .          Rampage  .   (no gloves)
Will    .....                   (boots unavailable)
Stlth   +.........              (no amulet)
HPRegen 0.07/turn               (no ring)
MPRegen 0.00/turn               (no ring)

@: flying, constricted
A: sickness immunity, fire resistance 2, cold vulnerability 1, float, innate
caster, HP casting, extra vitality 1
a: no special abilities


You were on level 3 of the Dungeon.
You visited 1 branch of the dungeon, and saw 3 of its levels.

You collected 35 gold pieces.

Inventory:

Hand Weapons
 a - a +0 sling (weapon)
 d - a +2 antimagic hand axe
Armour
 c - a +0 robe (worn)
Scrolls
 b - a scroll of vulnerability
Potions
 e - a potion of attraction {unknown}


   Skills:
 + Level 1.4 Fighting
 + Level 1.8 Ranged Weapons
 + Level 2.5 Dodging
 + Level 2.5 Spellcasting


You couldn't memorise any spells.
You knew the following spells:

 Your Spells              Type           Power      Damage    Failure   Level
a - Slow                  Hex            32%        N/A       8%          1
b - Inner Flame           Hex/Fire       8%         N/A       24%         3
c - Portal Projectile     Hex/Tloc       16%        N/A       24%         3
d - Cause Fear            Hex            4%         N/A       61%         4
Your spell library was empty.

Dungeon Overview and Level Annotations

Branches:
Dungeon (3/15)

Altars:

Portals:
Sewer: D:3


Innate Abilities, Weirdness & Mutations

You are immune to sickness and miasma.
You are immune to poison.
Your flesh is very heat resistant. (rF++)
You are vulnerable to cold. (rC-)
You float through the air rather than walking.
You learn spells naturally, not from books.
Your magical power is your life essence.
You have superior vitality. (+4 MHP)


Message History

The ball python barely misses you. The ball python constricts you.
* * * LOW HITPOINT WARNING * * *
Fire: a) +0 sling
Press: ? - help, Q - select action, (/) - cycle Shift-Dir - straight line, f/p - ball python
Aim: a ball python (heavily wounded, constricting you, 47% to hit)
You shoot a sling bullet. The sling bullet hits the ball python.
The ball python is severely wounded.
The ball python bites you.
* * * LOW HITPOINT WARNING * * *
The ball python constricts you. The ball python bites you.
* * * LOW HITPOINT WARNING * * *
The ball python constricts you.
* * * LOW HITPOINT WARNING * * *
Unknown command.
Fire: a) +0 sling
Press: ? - help, Q - select action, (/) - cycle Shift-Dir - straight line, f/p - ball python
Aim: a ball python (severely wounded, constricting you, 47% to hit)
You shoot a sling bullet.
The sling bullet barely misses the ball python.
The ball python closely misses you. The ball python constricts you.
* * * LOW HITPOINT WARNING * * *
A kobold comes into view.
It is wielding a +0 dagger and quivering poisoned darts.
Unknown command.
Fire: a) +0 sling
Press: ? - help, Q - select action, (/) - cycle Shift-Dir - straight line, f/p - ball python
Aim: a ball python (severely wounded, constricting you, 47% to hit)
You shoot a sling bullet.
The sling bullet closely misses the ball python.
The ball python bites you but does no damage.
The ball python constricts you. The ball python barely misses you.
The ball python constricts you.
* * * LOW HITPOINT WARNING * * *
Unknown command.
Fire: a) +0 sling
Press: ? - help, Q - select action, (/) - cycle Shift-Dir - straight line, f/p - ball python
Aim: a ball python (severely wounded, constricting you, 47% to hit)
You shoot a sling bullet.
The sling bullet barely misses the ball python.
The ball python bites you.
You die...

# .# ≈≈≈≈ #..
..##≈≈≈≈
##..###.≈≈.... ..
....(#.≈≈.... ...
#.##.#.≈≈..∩. ...#
#.#....≈≈.... .....
#...#..≈≈....
#...##.....S# ≈≈.
#........@##≈≈.
##.†......K†....≈
####...............
.............#.###..
#####.......##.#
#...#...†.##..
[..##.......# ..
..## #.......##... #
####..........#


You could see a ball python and a kobold.

Vanquished Creatures
  An adder (D:3)
  A hobgoblin (D:2)
  2 ball pythons (D:3)
  A bat (D:3)
  A rat (D:3)
6 creatures vanquished.

Notes
Turn   | Place    | Note
-------+----------+-------------------------------------------
     0 | D:1      | Spectrina the Djinni Arcane Marksman began the quest for
                  | the Orb.
     0 | D:1      | Spectrina set off with the following spells memorised:
                  | Slow, Inner Flame, Portal Projectile, Cause Fear.
     0 | D:1      | Reached XP level 1. HP: 17/17 MP: 0/0
    60 | D:3      | Reached XP level 2. HP: 15/22 MP: 0/0
    87 | D:3      | Found a glowing drain.
   100 | D:3      | HP: 1/22 [constriction (1)]
   101 | D:3      | Slain by a ball python

Illustrated notes

Levels and vault maps discovered:
D:1:      dpeg_arrival_three_bigger_balls, layout_basic,
          shapermc_ecumenical_altar_flowoftime
D:2:      layout_rooms, minmay_tromino_v2, uniq_terence
D:3:      layout_rooms, cheibrodos_sewer_entry_sluice,
          chequers_serial_rivers_small_b

Action                   || total
-------------------------++-------
 Fire: Sling             ||    37
Armor: Robe              ||     3
Dodge: Dodged            ||    21

Table legend: (Time is in decaauts)
 A = Elapsed time spent in this place.
 B = Non-inter-level travel time spent in this place.
 C = Inter-level travel time spent in this place.
 D = Time resting spent in this place.
 E = Time spent auto-exploring this place.
 F = Levels seen in this place.
 G = Mean time per level.
                   A        B        C        D        E       F      G
               +--------+--------+--------+--------+--------+-----+--------+
         Total |    111 |    111 |      0 |      0 |      0 |   3 |   37.0 |
       Dungeon |    111 |    111 |      0 |      0 |      0 |   3 |   37.0 |
               +--------+--------+--------+--------+--------+-----+--------+

Top non-repeatable levels by time:
     D:3: 68 daAuts
     D:1: 32 daAuts
     D:2: 10 daAuts
